 Dungeon Crawl Stone Soup version 0.26-a0-660-gc07710193c (webtiles) character file.

Game seed: 16242392619703817757

142 heikuro the Skirmisher (level 5, -7/42 HPs)
             Began as a Formicid Abyssal Knight on Oct 5, 2020.
             Was a Believer of Lugonu.
             Killed by nerve-wracking pain
             ... invoked by Grinder
              (11 damage)
             ... on level 3 of the Dungeon.
             The game lasted 00:04:36 (2912 turns).

heikuro the Skirmisher (Formicid Abyssal Knight)    Turns: 2912, Time: 00:04:37

Health: -7/42      AC: 10    Str: 18    XL:     5   Next: 49%
Magic:  7/7        EV:  5    Int: 11    God:    Lugonu [**....]
Gold:   236        SH:  8    Dex: 10    Spells: 4/4 levels left

rFire    . . .     SeeInvis +   a - +1 spear
rCold    . . .     Faith    .   g - +0 kite shield
rNeg     . . .     Spirit   .   d - +0 chain mail
rPois    .         Reflect  .   (helmet unavailable)
rElec    .         Harm     .   (no cloak)
rCorr    .         Rampage  .   (no gloves)
MR       .....                  o - +0 pair of boots
Stlth    ..........             (no amulet)
HPRegen  0.14/turn              (no ring)
MPRegen  0.10/turn              (no ring)

@: no status effects
A: permanent stasis, dig shafts and tunnels, four strong arms, antennae 3
a: Dig, Shaft Self, Depart the Abyss, Bend Space, Renounce Religion


You were on level 3 of the Dungeon.
You worshipped Lugonu.
Lugonu was pleased with you.
You visited 1 branch of the dungeon, and saw 3 of its levels.
You visited the Abyss 1 time.

You collected 236 gold pieces.

Inventory:

Hand Weapons
 a - a +1 spear (weapon)
 b - a +0 hunting sling
Missiles
 t - 9 poisoned darts (quivered)
Armour
 d - a +0 chain mail (worn)
 g - a +0 kite shield (worn)
 o - a +0 pair of boots (worn)
Wands
 v - a wand of polymorph (5)
Scrolls
 i - a scroll of magic mapping {unknown}
 j - 2 scrolls of fog
 k - 3 scrolls of identify {unknown}
 l - a scroll of random uselessness {unknown}
 n - 2 scrolls of noise {unknown}
 p - 2 scrolls of remove curse {unknown}
Potions
 c - a potion of cancellation {unknown}
 e - a potion of haste {unknown}
 f - 3 potions of heal wounds {unknown}
 h - a potion of curing {unknown}
 m - 2 potions of berserk rage {unknown}
 q - 5 potions of lignification {unknown}
 s - 4 potions of stabbing {unknown}
 u - 4 potions of flight {unknown}


   Skills:
 + Level 3.8 Fighting
 * Level 3.3 Polearms
 + Level 0.0 Slings
 + Level 2.9 Armour
 - Level 1.0 Dodging
 * Level 2.6 Shields
 + Level 3.1 Invocations


You had 4 spell levels left.
You didn't know any spells.
Your spell library was empty.

Dungeon Overview and Level Annotations

Branches:
Dungeon (3/15)

Altars:

Annotations:
D:3 2 transporters, Grinder; Psyclone's ghost, amateur OpCj


Innate Abilities, Weirdness & Mutations

You cannot be hasted, slowed, berserked, paralysed or teleported.
You can dig through walls and to a lower floor.
Your four strong arms can wield two-handed weapons with a shield.
You have a pair of large antennae on your head. (SInv)


Message History

You block Grinder's attack.
You closely miss Grinder.
Grinder is moderately wounded.
Grinder barely misses you.
You puncture Grinder!
Grinder is moderately wounded.
You block Grinder's attack.
You closely miss Grinder.
Grinder is moderately wounded.
Grinder barely misses you.
You hit Grinder.
Grinder is heavily wounded.
Grinder gestures at you. Pain shoots through your body!
* * * LOW HITPOINT WARNING * * *
You closely miss Grinder.
Grinder is heavily wounded.
Grinder gestures at you. Pain shoots through your body!
You die...

.............## #. ......
#. #. #. #. . ##[ (.. #..
.((..############## #.#
...(.(5@..........# #.#
....#############.# #.# #
#.# #.# #.# #.# #.# #.#
####.# #.#
##############..[.# #.#
##...........##.#######.#
#..#########..#.# #.....#


You could see Grinder.

Vanquished Creatures
  Terence (D:2)
  A worker ant zombie (D:3)
  2 adders (D:2)
  3 worms
  A dart slug (D:1)
  A leopard gecko (D:2)
  6 orcs (D:3)
  5 giant cockroaches
  7 hobgoblins
  6 jackals
  8 kobolds
  8 bats
  5 frilled lizards
  6 goblins
  10 rats
70 creatures vanquished.

Notes
Turn   | Place    | Note
-------+----------+-------------------------------------------
     0 | Abyss:1  | heikuro the Formicid Abyssal Knight began the quest for the
                  | Orb.
     0 | Abyss:1  | Reached XP level 1. HP: 18/18 MP: 2/2
    13 | Abyss:1  | Noticed a large abomination
    18 | D:1      | Escaped the Abyss
    73 | D:1      | Reached skill level 1 in Dodging
    74 | D:1      | Reached XP level 2. HP: 23/24 MP: 3/3
    89 | D:1      | Reached * piety under Lugonu
   260 | D:1      | Reached XP level 3. HP: 29/29 MP: 4/4
   460 | D:1      | Reached skill level 1 in Shields
  1558 | D:2      | Reached XP level 4. HP: 36/36 MP: 5/5
  1661 | D:2      | Reached ** piety under Lugonu
  1684 | D:2      | Noticed Terence
  1704 | D:2      | Killed Terence
  1934 | D:2      | Reached XP level 5. HP: 42/42 MP: 7/7
  2761 | D:3      | Found a transporter.
  2806 | D:3      | Noticed Psyclone's ghost (amateur OpCj)
  2807 | D:3      | Found a transporter.
  2892 | D:3      | Noticed Grinder
  2912 | D:3      | Killed from afar by Grinder

Illustrated notes

Levels and vault maps discovered:
D:1:      elethiomel_arrival_maze, layout_rooms
D:2:      minmay_evil_eye, layout_loops_ring, mrwooster_statue_mirror,
          uniq_terence
D:3:      layout_loops_ring, gammafunk_ghost_arena, wad_floor_pattern_2,
          uniq_grinder

Skill      XL: |  1  2  3  4  5 |
---------------+----------------+-----
Dodging        | 1 |  1.0
Shields        | 1 2 |  2.6
Polearms       | 3 |  3.3
Invocations    | 3 |  3.1
Fighting       | |  3.8
Armour         | |  2.9

Action                   |  1- 3 |  4- 6 || total
-------------------------+-------+-------++-------
Melee: Spear             |   143 |   147 ||   290
 Fire: Hunting sling     |       |     4 ||     4
Throw: Dart              |       |     1 ||     1
Invok: Depart the Abyss  |     1 |       ||     1
  Use: Scroll            |       |     1 ||     1
Armor: Chain mail        |    52 |    34 ||    86
Dodge: Dodged            |    20 |    22 ||    42
Block: Kite shield       |    31 |    44 ||    75

Table legend: (Time is in decaauts)
 A = Elapsed time spent in this place.
 B = Non-inter-level travel time spent in this place.
 C = Inter-level travel time spent in this place.
 D = Time resting spent in this place.
 E = Time spent auto-exploring this place.
 F = Levels seen in this place.
 G = Mean time per level.
                   A        B        C        D        E       F      G
               +--------+--------+--------+--------+--------+-----+--------+
         Total |   2919 |   2820 |     99 |    951 |   1227 |   4 |  729.8 |
       Dungeon |   2901 |   2802 |     99 |    951 |   1223 |   3 |  967.0 |
         Abyss |     18 |     18 |      0 |      0 |      4 |   1 |   18.0 |
               +--------+--------+--------+--------+--------+-----+--------+

Top non-repeatable levels by time:
     D:2: 1488 daAuts
     D:1: 940 daAuts
     D:3: 473 daAuts
 Abyss:1: 18 daAuts
